cohdb
Replays
Latest Replays
All Replays
Popular Replays
Top Player Replays
Match Explorer
How It Works
Community
CoH3 Stats
Reddit
Sign in to upload your games and track your stats! →
Sign in with Steam
Match 41408639
Unlisted
Match 41408639
Overview
Messages
Build Orders
End
Construct Infanterie Kompanie
Kettenkrad Recon Vehicle
Grenadier Squad
MG 42 Machine Gun Team
Grenadier Squad
Construct Panzergrenadier Kompanie
Support Elements
Nebelwerfer 42 Rocket Launcher Team
Panzergrenadier Squad
Medical Bunker
Panzergrenadier Officer Quarters
Nebelwerfer 42 Rocket Launcher Team
Construct Panzer Kompanie
Selects Breakthrough Battlegroup
Selects Rapid Production
Sturmpanzer IV Brummbär
Stoßtruppen Squad
Selects Blitzkrieg
Panzer Officer Quarters
insane
Luft Waffle
JVM
エノシマジュンコ
Mr.Shcribbles
Sulla
KEKEKING
Oncle-Hô
0
0
Comments
sign in to comment!
No comments posted yet!